 Dungeon Crawl Stone Soup version 0.17-a0-2231-gd80ca38 (webtiles) character file.

120 Ordine the Slasher (level 5, -1/37 HPs)
             Began as an Octopode Fighter on Oct 29, 2015.
             Slain by a rat (2 damage)
             ... on level 2 of the Dungeon.
             The game lasted 00:03:32 (1368 turns).

Ordine the Slasher (Octopode Fighter)               Turns: 1368, Time: 00:03:34

Health: -1/37      AC:  1    Str: 15    XL:     5   Next: 4%
Magic:  5/5        EV: 10    Int: 11    God:
Gold:   45         SH:  8    Dex: 12    Spells: 0 memorised, 4 levels left

rFire  . . .     SeeInvis .     a - +0 long sword
rCold  . . .     Clarity  .     b - +0 shield
rNeg   . . .     SustAt   .     (helmet restricted)
rPois  .         Gourm    +     j - amulet of the gourmand
rElec  .         Spirit   .     f - ring of teleportation (curse)
rCorr  .         Warding  .     (no ring)
rMut   .         Rnd*Tele +     (no ring)
MR     .....                    (no ring)
Stlth  ++........               (no ring)
                                (no ring)
                                (no ring)
                                (no ring)

@: not resistant to hostile enchantments, unstealthy
A: almost no armour, amphibious, 8 rings, constrict 8, camouflage 1, gelatinous
body 1
a: Evoke Teleportation


You were on level 2 of the Dungeon.
You were completely stuffed.

You visited 1 branch of the dungeon, and saw 2 of its levels.

You collected 45 gold pieces.

Inventory:

Hand Weapons
 a - a +0 long sword (weapon)
Armour
 b - a +0 shield (worn)
Jewellery
 f - a cursed ring of teleportation (left tentacle)
 j - an amulet of the gourmand (around mantle)
Scrolls
 h - a scroll of amnesia
Potions
 c - a potion of might
 i - a potion of heal wounds {unknown}
Comestibles
 d - 2 bread rations
 g - a meat ration


   Skills:
 + Level 4.0 Fighting
 * Level 4.2 Long Blades
 - Level 3.0 Dodging
 - Level 3.0 Shields


You had 4 spell levels left.
You didn't know any spells.

Dungeon Overview and Level Annotations

Branches:
Dungeon (2/15)

Altars:


Innate Abilities, Weirdness & Mutations

You cannot wear most types of armour.
You are amphibious.
You can wear up to eight rings at the same time.
You can use your tentacles to constrict eight enemies at once.
Your skin changes colour to match your surroundings (Stealth).
Your rubbery body absorbs attacks (AC +1).


Message History

* * * LOW HITPOINT WARNING * * *
The giant newt bites you.
* * * LOW HITPOINT WARNING * * *
The kobold closely misses you.
Unknown command.
You closely miss the kobold. You grab the kobold. You constrict the kobold.
You block the bat's attack. The bat closely misses you. The rat bites you.
* * * LOW HITPOINT WARNING * * *
The giant newt closely misses you. The kobold hits you with a club.
* * * LOW HITPOINT WARNING * * *
The rat closely misses you.
Unknown command.
Drink which item? (? for menu, Esc to quit)
It was a potion of cancellation.
You feel magically purged.
You constrict the kobold.
You kill the kobold!
Your Fighting skill increases to level 4!
The bat hits you but does no damage. You block the giant newt's attack.
The rat bites you.
You die...

......)[.'.........
.........#.####.......#
.........#.# #.......#
.......###.# #.......#
.......# #.# #.......#
.......# #.# #.......#
###..### #.####.......#
#..#####.....†)l....#
#......#......@r....#
##..##.#......b..####
##.##.#.........#
#.##.#.........#
#.##.#.........#
#.##.#.........#
..###.##.#.#########
.........#.
..####.###.#


You could see a bat, a giant newt and a rat.

Vanquished Creatures
  Jessica (D:2)
  2 adders (D:2)
  A gnoll (D:1)
  An ooze (D:2)
  3 worms (D:2)
  12 goblins
  8 hobgoblins
  5 kobolds
  2 quokkas (D:2)
  5 bats
  3 giant geckos
  5 giant newts (D:1)
  4 rats
52 creatures vanquished.

Notes
Turn   | Place    | Note
--------------------------------------------------------------
     0 | D:1      | Ordine the Octopode Fighter began the quest for the Orb.
     0 | D:1      | Reached XP level 1. HP: 16/16 MP: 1/1
   178 | D:1      | Reached XP level 2. HP: 18/21 MP: 2/2
   693 | D:1      | Reached XP level 3. HP: 26/26 MP: 3/3
   976 | D:2      | Noticed Jessica
   980 | D:2      | Killed Jessica
   980 | D:2      | Reached XP level 4. HP: 31/33 MP: 4/4
  1192 | D:2      | Reached skill level 4 in Long Blades
  1360 | D:2      | Reached XP level 5. HP: 31/37 MP: 5/5
  1367 | D:2      | HP: 1/37 [kobold/club (4)]
  1368 | D:2      | Slain by a rat

Vault maps used:
D:1:      dpeg_arrival_arbitrary_b, st_stairs_7, minmay_misc_feat_square
D:2:      uniq_jessica

Action                   |  1- 3 |  4- 6 || total
-------------------------+-------+-------++-------
Melee: Long sword        |    44 |    50 ||    94
  Use: Scroll            |     4 |     1 ||     5
       Potion            |       |     1 ||     1
 Stab: Sleeping          |     4 |     3 ||     7
  Eat: Chunk             |       |    19 ||    19
